 Dungeon Crawl Stone Soup version 0.13.0-18-g7b03ea5 (webtiles) character file.

2165 Narretz the Shield-Bearer (level 9, -6/54 HPs)
             Began as a Gargoyle Fighter on Oct 22, 2013.
             Was a Follower of Okawaru.
             Shot with an arrow by a centaur warrior (8 damage)
             ... on Level 8 of the Dungeon.
             The game lasted 00:27:28 (6301 turns).

Narretz the Shield-Bearer (Gargoyle Fighter)        Turns: 6301, Time: 00:27:32

HP  -6/54        AC 14     Str 23      XL: 9   Next: 20%
MP   6/8         EV 13     Int  9      God: Okawaru [*.....]
Gold 187         SH 27     Dex 16      Spells:  0 memorised,  8 levels left

Res.Fire  : . . .   See Invis. : .   z - -1,+1 orc flail (curse)
Res.Cold  : . . .   Warding    : +   f - +0 scale mail (curse)
Life Prot.: + + .   Conserve   : .   c - +0 shield
Res.Poison: +       Res.Corr.  : .   (no helmet)
Res.Elec. : +       Clarity    : .   (no cloak)
Sust.Abil.: . .     Spirit.Shd : .   (no gloves)
Res.Mut.  : .       Stasis     : .   (no boots)
Res.Rott. : +       Flight     : .   L - amulet of warding
Saprovore : . . .                    D - ring of Contentment {-Cast Dex+3 Dam+3}
                                     o - +4 ring of dexterity

@: heroism, slightly resistant to hostile enchantments, fairly stealthy
A: fangs 1, talons 2, life protection 1, electricity resistance, slow metabolism
1, unbreathing, petrification resistance, AC +5
a: Heroism, Renounce Religion


You were on level 8 of the Dungeon.
You worshipped Okawaru.
Okawaru was aware of your devotion.
You were hungry.

You visited 2 branches of the dungeon, and saw 9 of its levels.

You collected 187 gold pieces.
You spent 20 gold pieces at shops.

Inventory:

Hand weapons
 a - a +0,+0 mace
 t - a +0 blowgun
 z - a cursed -1,+1 orcish flail (weapon)
 H - a +1,+2 halberd of venom
Missiles
 e - 20 poisoned needles
 j - 15 darts (quivered)
Armour
 b - a +0 scale mail
 c - a +0 shield (worn)
 f - a cursed +0 scale mail (worn)
 g - a +0 chain mail
 N - a +1 orcish plate armour
Magical devices
 K - a wand of paralysis (9)
Comestibles
 d - 6 bread rations
 n - a snozzcumber
 u - an apple
 E - a pear
 F - a meat ration
Scrolls
 l - a scroll of teleportation
 m - a scroll of recharging
 p - 2 scrolls of noise
 q - a scroll of fear
 v - a scroll of enchant armour {unknown}
 y - a scroll of acquirement
 A - a scroll of immolation {unknown}
 B - a scroll of identify
 G - a scroll of remove curse {unknown}
 I - a scroll of curse jewellery {unknown}
 O - a scroll of enchant weapon I {unknown}
 P - a scroll of summoning {unknown}
Jewellery
 o - a +4 ring of dexterity (left hand)
 D - the ring of Contentment (right hand) {-Cast Dex+3 Dam+3}
   (You found it on level 6 of the Dungeon)

   [ring of dexterity]

   It affects your dexterity (+3).
   It affects your damage-dealing abilities (+3).
   It prevents spellcasting.
 L - an amulet of warding (around neck)
Potions
 h - a potion of paralysis {unknown}
 i - 3 potions of restore abilities {unknown}
 k - 2 potions of agility {unknown}
 r - 5 potions of curing
 w - 2 potions of poison {unknown}
 x - a potion of slowing {unknown}
 C - a potion of berserk rage {unknown}


   Skills:
 + Level 5.5(10.5) Fighting
 + Level 6.0(11.0) Maces & Flails
 + Level 1.0(6.0) Throwing
 + Level 6.3(11.3) Armour
 + Level 4.2(9.2) Dodging
 + Level 2.4(7.4) Stealth
 + Level 7.1(12.1) Shields


You had 8 spell levels left.
You didn't know any spells.

Dungeon Overview and Level Annotations

Branches:
Dungeon (8/27)             Temple (1/1) D:6             Orc (0/4) D:7
   Lair: D:8-13

Altars:
Ashenzari
Cheibriados
Elyvilon
Fedhas
Kikubaaqudgha
Makhleb
Nemelex Xobeh
Okawaru
Sif Muna
Trog
Vehumet
Xom
Zin
the Shining One

Shops:
D:4 (?![(   D:6 [


Innate Abilities, Weirdness & Mutations

You are resistant to torment.
You are immune to poison.
Your stone body is very resilient (AC +5).
You have very sharp teeth.
You have razor-sharp toenails.
You resist negative energy.
You are resistant to electric shocks.
You have a slow metabolism.
You can survive without breathing.
You are immune to petrification.


Message History

The centaur warrior shoots an arrow.
You block the arrow.
You see here an arrow.
The centaur warrior shoots an arrow.
You block the arrow.
The centaur warrior shoots an arrow.
You block the arrow.
All of the chunks of flesh in your inventory have completely rotted away.
You see here 2 arrows.
The centaur warrior shoots an arrow.
The arrow hits you!
You see here an arrow.
The centaur warrior shoots an arrow.
The arrow hits you!
The centaur warrior shoots an arrow.
The arrow hits you!
The centaur warrior shoots an arrow.
The arrow hits you!
* * * LOW HITPOINT WARNING * * *
You see here an arrow.
Use which ability? (? or * to list)
You gain the combat prowess of a mighty hero.
You are feeling hungry.
The centaur warrior shoots an arrow.
The arrow hits you!
* * * LOW HITPOINT WARNING * * *
The centaur warrior shoots an arrow.
The arrow hits you!
You die...

#.# #.#### #.##.# #.##.# #.##.# #
#.##.# ... . #....#### #.# .
#######....(((#########...###.##.
..............(.@.c..............
................>........ .......
#######.##.############# #.....
#.##.# #...# #.....
#.##.#####...# ########....
#######.##.#.......###...........
........>.).................##.<.
..##....##.#....#...##.####.###..
#....##(######...##...........


You could see a centaur warrior.

Vanquished Creatures
  A hippogriff (D:8)
  A necrophage (D:6)
  A sky beast (D:5)
  3 orc warriors
  2 ice beasts
  Sigmund (D:6)
  A centaur (D:8)
  A water moccasin (D:4)
  A giant frog (D:6)
  3 crimson imps
  4 orc priests
  6 orc wizards
  A jelly (D:5)
  A hound (D:4)
  3 scorpions
  4 worker ants
  4 gnolls (D:7)
  6 adders
  A worm zombie (D:4)
  An inept feature mimic (D:5)
  A goliath beetle zombie (D:8)
  5 worms
  2 iguana zombies
  3 giant eyeballs (D:6)
  21 orcs
  3 ball pythons
  A bat skeleton (D:8)
  3 giant cockroaches
  15 hobgoblins
  7 jackals
  12 kobolds
  5 quokkas
  7 bats
  4 giant geckos
  A giant gecko skeleton (D:8)
  6 giant newts
  A giant newt skeleton (D:4)
  10 goblins
  A kobold skeleton (D:5)
  10 rats
164 creatures vanquished.

Notes
Turn   | Place    | Note
--------------------------------------------------------------
     0 | D:1      | Narretz, the Gargoyle Fighter, began the quest for the Orb.
     0 | D:1      | Reached XP level 1. HP: 14/14 MP: 0/0
    97 | D:1      | Reached XP level 2. HP: 19/19 MP: 1/1
   715 | D:2      | Reached XP level 3. HP: 21/24 MP: 2/2
   773 | D:2      | Reached skill level 4 in Shields
  1159 | D:2      | Reached XP level 4. HP: 23/28 MP: 3/3
  1613 | D:3      | Reached skill level 1 in Dodging
  1897 | D:3      | Noticed a moth of wrath
  1900 | D:3      | Found a bloodstained altar of Trog.
  1974 | D:3      | Reached XP level 5. HP: 21/33 MP: 4/4
  2141 | D:4      | Found a sparkling altar of Nemelex Xobeh.
  2148 | D:4      | Found Pruoguy's Armour Shop.
  2205 | D:4      | Found Psadaehi's Magic Scroll Emporium.
  2207 | D:4      | Found Huontar's Distillery.
  2216 | D:4      | Bought a potion of curing for 20 gold pieces
  2230 | D:4      | Found Povalyloud's Weapon Emporium.
  2299 | D:4      | Noticed an ice beast
  2315 | D:4      | Killed an ice beast
  2315 | D:4      | Reached skill level 5 in Shields
  2315 | D:4      | Reached XP level 6. HP: 39/39 MP: 5/5
  2384 | D:4      | Found Gruc Scha's Weapon Boutique.
  2426 | D:4      | Found a blossoming altar of Fedhas.
  2427 | D:4      | Found a snail-covered altar of Cheibriados.
  2435 | D:4      | Found a glowing golden altar of the Shining One.
  2435 | D:4      | Found a shimmering altar of Xom.
  2695 | D:5      | Entered Level 5 of the Dungeon
  2776 | D:5      | Reached skill level 1 in Stealth
  2948 | D:5      | Reached XP level 7. HP: 40/43 MP: 6/6
  3050 | D:5      | Found a white marble altar of Elyvilon.
  3384 | D:5      | Found a deep blue altar of Sif Muna.
  3439 | D:5      | Reached skill level 5 in Armour
  4153 | D:6      | Reached XP level 8. HP: 41/48 MP: 7/7
  4187 | D:6      | Got an ancient iron ring
  4189 | D:6      | Identified the ring of Contentment {-Cast Dex+3 Dam+3} (You found it on level 6 of the Dungeon)
  4212 | D:6      | Found Acihoilosm's Antique Armour Shoppe.
  4253 | D:6      | Reached skill level 6 in Shields
  4514 | D:6      | Paralysed by a giant eyeball for 4 turns
  4741 | D:6      | Paralysed by a giant eyeball for 4 turns
  4768 | D:6      | Found a staircase to the Ecumenical Temple.
  4773 | Temple   | Entered the Ecumenical Temple
  5044 | Temple   | Became a worshipper of Warmaster Okawaru
  5189 | D:6      | Noticed Sigmund
  5189 | D:6      | Paralysed by a giant eyeball for 4 turns
  5244 | D:6      | Killed Sigmund
  5293 | D:6      | Reached skill level 5 in Fighting
  5293 | D:6      | Reached skill level 5 in Maces & Flails
  5494 | D:7      | Found a shattered altar of Ashenzari.
  5507 | D:7      | Identified 2 scrolls of acquirement
  5559 | D:7      | Reached skill level 1 in Throwing
  5715 | D:7      | Found a staircase to the Orcish Mines.
  5785 | D:7      | Acquired Okawaru's first power
  5785 | D:7      | Reached XP level 9. HP: 42/54 MP: 8/8
  5964 | D:7      | Reached skill level 7 in Shields
  6295 | D:8      | Noticed a centaur warrior
  6301 | D:8      | HP: 2/54 [centaur warrior/arrow (10)]
  6301 | D:8      | Shot with an arrow by a centaur warrior

Action                   |  1- 3 |  4- 6 |  7- 9 || total
-------------------------+-------+-------+-------++-------
Melee: Mace              |   113 |   151 |     9 ||   273
       Flail             |       |       |   259 ||   259
Throw: Dart              |       |    10 |     1 ||    11
Invok: Heroism           |       |       |     1 ||     1
Evoke: Wand              |       |       |     4 ||     4
  Use: Scroll            |       |     4 |     4 ||     8
       Potion            |       |       |     2 ||     2
 Stab: Paralysed         |       |       |     3 ||     3
